 Dungeon Crawl Stone Soup version 0.31.0-32-g396128a36d (webtiles) character file.

Game seed: 7919273436539018073

1208 Peloso the Covered (level 8, -1/68 (70) HPs)
             Began as a Minotaur Fighter on Mar 24, 2024.
             Slain by a wight
             ... wielding a +0 halberd
              (5 damage)
             ... on level 5 of the Dungeon.
             The game lasted 00:08:08 (4899 turns).

Peloso the Covered (Minotaur Fighter)               Turns: 4899, Time: 00:08:08

HP:   -1/68 (70)    AC: 11    Str: 21    XL:     8   Next: 21%
MP:   7/7           EV: 10    Int:  5    God:
Gold: 273           SH:  6    Dex: 18    Spells: 7/7 levels left

rFire   . . .        a - +0 long sword
rCold   . . .        d - +0 buckler
rNeg    . . .        b - +1 scale mail
rPois   +            (helmet restricted)
rElec   .            p - +0 cloak
rCorr   .            c - +0 pair of gloves
SInv    .            (no boots)
Will    .....        (no amulet)
Stlth   +            h - +6 ring of dexterity
HPRegen 0.31/turn    j - ring of poison resistance
MPRegen 0.10/turn

%: no passive effects
@: lethally poisoned (-1 -> -5), lightly drained
A: horns 2, retaliatory headbutt
a: no special abilities


You were on level 5 of the Dungeon.
You visited 1 branch of the dungeon, and saw 5 of its levels.

You collected 273 gold pieces.

Inventory:

Hand Weapons
 a - a +0 long sword (weapon)
Armour
 b - a +1 scale mail (worn)
 c - a +0 pair of gloves (worn)
 d - a +0 buckler (worn)
 p - a +0 cloak (worn)
Jewellery
 h - a +6 ring of dexterity (left hand)
 j - a ring of poison resistance (right hand)
 r - an amulet of faith
 u - a +6 ring of intelligence
Wands
 k - a wand of charming (10)
 q - a wand of mindburst (19)
Scrolls
 e - a scroll of identify
 f - 3 scrolls of revelation
 g - a scroll of amnesia {unknown}
 i - 2 scrolls of noise {unknown}
 m - 2 scrolls of teleportation {unknown}
 o - a scroll of blinking {unknown}
 s - a scroll of vulnerability
 v - a scroll of brand weapon {unknown}
 x - a scroll of poison {unknown}
Potions
 l - a potion of might
 n - a potion of heal wounds
 t - a potion of curing
 w - a potion of haste
 z - a potion of resistance {unknown}


   Skills:
 + Level 5.7 Fighting
 + Level 7.3 Long Blades
 + Level 7.7 Armour
 + Level 2.0 Dodging
 + Level 1.0 Stealth
 + Level 5.2 Shields


You had 7 spell levels left.
You didn't know any spells.
Your spell library was empty.

Dungeon Overview and Level Annotations

Branches:
Dungeon (5/15)
 Temple: D:4-7

Altars:
Ashenzari


Innate Abilities, Weirdness & Mutations

You have a pair of horns on your head.
You reflexively headbutt those who attack you in melee.


Message History

Your Dodging skill increases to level 2!
The wight barely misses you. You block the wight's attack.
Things that are here:
a +0 scimitar; a +0 robe You closely miss the wight.
You headbutt the wight.
The wight is lightly damaged.
The wight barely misses you.
The wight hits you from afar with a +0 halberd.
You completely miss the wight.
The wight is lightly damaged.
The wight hits you with a +0 dire flail of venom!
The wight barely misses you.
You slash the wight!
The wight is heavily damaged.
The wight hits you with a +0 dire flail of venom!
The wight hits you from afar with a +0 halberd!
You hit the wight.
The wight is severely damaged.
The wight hits you with a +0 dire flail of venom.
You are poisoned.
The wight closely misses you.
You hit the wight but do no damage. Your headbutt misses the wight.
The wight is severely damaged.
You feel very sick. The wight closely misses you.
The wight completely misses you.
You hit the wight.
You destroy the wight!
You feel sick.
The wight hits you from afar with a +0 halberd!
* * * LOW HITPOINT WARNING * * *
Your Stealth skill increases to level 1!
You feel sick. The wight hits you but does no damage.
Things that are here:
a +0 dire flail of venom; a +0 robe You hit the wight.
The wight is moderately damaged.
You feel sick. The wight hits you with a +0 halberd!
* * * LOW HITPOINT WARNING * * *
You feel drained.
You die...

#........+._.#.......#
#.#....###...###....##
#.#..###.#####.###..#
<..###....#.#....####
(........##.##......#
.........#..^#......#
........##...##.....#
###.....#.....#)....#
.##.....#.....#.@...#
..#............#z...#
.......###.......####
...............###
........###..###
........###.##
...##.......#
...#...######
.......#####


You could see a wight.

Vanquished Creatures
  Sigmund (D:2)
  A water moccasin (D:5)
  An ice beast (D:5)
  2 ogres
  2 phantoms (D:5)
  Blork the orc (D:4)
  A scorpion (D:5)
  2 wights (D:5)
  2 bombardier beetles (D:4)
  2 orc priests (D:3)
  3 gnolls
  6 adders
  2 dart slugs (D:2)
  A ribbon worm (D:2)
  3 orcs (D:3)
  8 bats
  8 endoplasms
  3 giant cockroaches
  8 goblins
  8 hobgoblins
  3 jackals (D:1)
  12 quokkas
  11 ball pythons
  3 frilled lizards (D:3)
  12 kobolds
  8 rats
114 creatures vanquished.

Notes
Turn   | Place    | Note
-------+----------+-------------------------------------------
     0 | D:1      | Peloso the Minotaur Fighter began the quest for the Orb.
     0 | D:1      | Reached XP level 1. HP: 19/19 MP: 0/0
   144 | D:1      | Reached XP level 2. HP: 24/27 MP: 1/1
  1079 | D:2      | Reached XP level 3. HP: 33/33 MP: 2/2
  1378 | D:2      | Reached XP level 4. HP: 41/41 MP: 3/3
  1421 | D:2      | Noticed Sigmund
  1439 | D:2      | You fall into a shaft and drop 1 floor!
  2140 | D:3      | Reached XP level 5. HP: 47/47 MP: 4/4
  2512 | D:3      | Reached skill level 5 in Armour
  3071 | D:4      | Reached skill level 1 in Dodging
  3071 | D:4      | Reached XP level 6. HP: 53/53 MP: 5/5
  3288 | D:4      | Noticed Blork the orc
  3301 | D:4      | Killed Blork the orc
  3437 | D:4      | Reached skill level 5 in Long Blades
  4242 | D:2      | Killed Sigmund
  4243 | D:2      | Reached XP level 7. HP: 57/60 MP: 6/6
  4536 | D:5      | Entered Level 5 of the Dungeon
  4556 | D:5      | Reached skill level 5 in Fighting
  4701 | D:5      | Reached skill level 5 in Shields
  4707 | D:5      | Reached XP level 8. HP: 66/69 MP: 7/7
  4831 | D:5      | Found a broken altar of Ashenzari.
  4898 | D:5      | Reached skill level 1 in Stealth
  4899 | D:5      | Slain by a wight

Illustrated notes

Levels and vault maps discovered:
D:1:      amcnicky_arrival_choice, layout_loops_corners, st_stairs_9,
          minivault_23
D:2:      layout_basic, uniq_sigmund
D:3:      minmay_chambers_of_twos, layout_loops_corners, minmay_joined_circles
D:4:      layout_layer_cave, uniq_blork_the_orc
D:5:      layout_rooms, nicolae_ashenzari_panopticon, temple_hall,
          uniq_eustachio

Skill      XL: |  1  2  3  4  5  6  7  8 |
---------------+-------------------------+-----
Armour         | 4 6 7 |  7.7
Fighting       | 4 5 |  5.7
Shields        | 4 5 |  5.2
Long Blades    | 3 4 5 6 7 |  7.3
Dodging        | 1 2 |  2.0
Stealth        | 1 |  1.0

Action                     |  1- 3 |  4- 6 |  7- 9 || total
---------------------------+-------+-------+-------++-------
  Melee: Long sword        |    79 |   145 |    49 ||   273
         Headbutt          |     9 |    22 |    12 ||    43
    Use: Scroll            |     2 |       |     4 ||     6
         Potion            |     2 |       |       ||     2
 Armour: Scale mail        |    83 |   107 |    43 ||   233
  Dodge: Dodged            |    51 |    60 |    37 ||   148
  Block: Buckler           |    26 |    36 |    13 ||    75
